 Dungeon Crawl Stone Soup version 0.31-a0-940-gdaa99269f9 (webtiles) character file.

Game seed: 6996541064880756151

195392 Turgor the Metamorph (level 17, -18/131 (140) HPs)
             Began as a Pale Draconian Shapeshifter on Oct 18, 2023.
             Was the Champion of Ru.
             Demolished by a caustic shrike simulacrum (78 damage)
             ... in an ice cave on Oct 20, 2023.
             The game lasted 03:45:57 (41686 turns).

Turgor the Metamorph (Pale Draconian Shapeshifter) Turns: 41686, Time: 03:45:57

HP:   -18/131 (140) AC: 22    Str: 19    XL:     17   Next: 71%
MP:   20/27         EV: 16    Int: 22    God:    Ru [******]
Gold: 1540          SH:  0    Dex: 11    Spells: 8/29 levels left

rFire   x .          .
                       - Unarmed
rCold   x . .        (shield currently unavailable)
rNeg    . . .        (body armour unavailable)
rPois   .            d - +2 hood of the Assassin {Detect Stab+ Stlth++}
rElec   .            g - +2 cloak
rCorr   .            h - melded +1 Delatra's gloves {ID++}
SInv    .            D - +3 pair of seven-league boots {Rampage+∞}
Will    +....        Z - amulet of the acrobat
Stlth   +++++        G - +6 ring of intelligence
HPRegen 0.41/turn    i - +4 ring of protection
MPRegen 0.20/turn

%: acrobat, rampage+∞
@: exhausted, blade hands, slowed, studying Maces & Flails, drained, very slow
A: breathe steam, AC +9, unfitting armour, frail 1, cold-blooded, inability to
read after injury 2, hated by all, temperature sensitive, steam resistance,
mutation resistance 1
}: 1/15 runes: decaying
a: Breathe Steam, Begin Untransformation, Renounce Religion, Draw Out Power,
Power Leap, Apocalypse


You were in an ice cave.
You worshipped Ru.
Ru was exalted by your worship.
You had blades for hands.
You visited 6 branches of the dungeon, and saw 30 of its levels.
You also visited: Gauntlet and Ice Cave.

You collected 4696 gold pieces.
You spent 3156 gold pieces at shops.

Inventory:

Hand Weapons
 T - the +16 obsidian axe {drain, demonic, Mesm Drain Fly SInv}
   (You found it on level 1 of the Snake Pit)

   Mesm:      Its wielder is mesmerised by any visible foes, and it cannot be
   unequipped while any foes are visible.
   SInv:      It lets you see invisible.
   Fly:       It grants you flight.
   Drain:     It drains your maximum health when unequipped.
Missiles
 q - 23 poisoned darts
 C - 11 javelins
 I - 3 throwing nets
Armour
 d - the +2 hood of the Assassin (worn) {Detect Stab+ Stlth++}
   (You bought it in a shop on level 10 of the Dungeon)

   Detect:    It allows the wearer to sense nearby creatures.
   Stab+:     It allows the wearer to make particularly effective stabbing
   attacks against helpless or unaware enemies with any weapon.
   Stlth++:   It makes you much more stealthy.
 g - a +2 cloak (worn)
 h - the +1 Delatra's gloves (melded) {ID++}
   (You found it on level 5 of the Dungeon)

   ID++:      It heals its wearer when they drink unknown potions, and restores
   their MP when they read unknown scrolls.
 D - the +3 pair of seven-league boots (worn) {Rampage+∞}
   (You bought it in a shop on level 12 of the Dungeon)

   Rampage+∞: When moving toward enemies, its wearer moves as far as possible,
   alerting their target en route.
 U - the +0 pair of boots of the Eternal Void {rPois rN+ rCorr Int+2}
   (You found it on level 12 of the Dungeon)

   Int+2:     It affects your intelligence (+2).
   rPois:     It protects you from poison rN+: It protects you from negative
   energy.
   rCorr:     It protects you from acid and corrosion.
 Y - a +1 cloak
Jewellery
 i - a +4 ring of protection (right blade hand)
 t - a ring of see invisible
 v - a ring of resist corrosion
 w - a ring of flight
 z - a ring of poison resistance
 G - a +6 ring of intelligence (left blade hand)
 R - an amulet of guardian spirit
 W - a ring of wizardry
 Z - an amulet of the acrobat (around neck)
Talismans
 b - a beast talisman
 c - a flux talisman
 o - a serpent talisman
 O - a blade talisman (active)
Wands
 r - a wand of iceblast (4)
 H - a wand of polymorph (1) (quivered)
 J - a wand of acid (1)
 K - a wand of mindburst (11)
 S - a wand of flame (8)
Scrolls
 j - a scroll of revelation
 k - 2 scrolls of blinking
 m - 2 scrolls of fog
 n - 4 scrolls of vulnerability
 p - 2 scrolls of immolation
 u - 4 scrolls of enchant weapon
 y - 4 scrolls of amnesia
 A - 10 scrolls of identify
 B - 5 scrolls of noise
 F - 6 scrolls of teleportation
 L - a scroll of brand weapon
 M - 2 scrolls of torment
 N - a scroll of silence
Potions
 a - 5 potions of lignification
 e - 9 potions of attraction
 f - 2 potions of invisibility
 l - a potion of resistance
 s - a potion of brilliance
 x - 2 potions of heal wounds
 E - 5 potions of curing
 P - 4 potions of enlightenment
 Q - 3 potions of mutation
 X - a potion of haste
Miscellaneous
 V - a lightning rod (4/4)


   Skills:
 + Level 15.4 Fighting
 - Level 12.0 Dodging
 - Level 6.0 Stealth
 - Level 14.0 Unarmed Combat
 - Level 6.7 Spellcasting
 + Level 8.0 Translocations
 + Level 8.4 Fire Magic
 - Level 9.0 Air Magic
 + Level 16.0 Shapeshifting


You had 8 spell levels left.
You knew the following spells:

 Your Spells              Type           Power      Damage    Failure   Level
a - Apportation           Tloc           84%        N/A       1%          1
b - Vhi's Electric Charg  Tloc/Air       88%        N/A       2%          4
c - Airstrike             Air            23%        2d(4-20)  1%          4
d - Swiftness             Air            46%        N/A       1%          3
e - Fireball              Conj/Fire      12%        3d7       38%         5
z - Manifold Assault      Tloc           42%        N/A       3%          4

Your spell library contained the following spells:

 Spells                   Type           Power      Damage    Failure   Level
 Shock                    Conj/Air       100%       1d9       1%          1
 Poisonous Vapours        Pois/Air       54%        N/A       1%          2
 Mephitic Cloud           Conj/Pois/Air  20%        N/A       8%          3
 Necrotise                Necr           28%        1d5       9%          1
 Ignite Poison            Fire/Tmut/Pois 19%        N/A       9%          3
 Dimensional Bullseye     Hex/Tloc       12%        N/A       16%         4
 Iskenderun's Mystic Bla  Conj/Tloc      25%        2d7       16%         4
 Dazzling Flash           Conj/Hex       14%        N/A       26%         3
 Frozen Ramparts          Ice            14%        1d3       26%         3
 Sigil of Binding         Hex            7%         N/A       26%         3
 Arcjolt                  Conj/Air       13%        1d23      36%         5
 Dispersal                Tloc           21%        N/A       43%         6
 Freezing Cloud           Conj/Ice/Air   10%        6-21      56%         5
 Cause Fear               Hex            3%         N/A       63%         4
 Petrify                  Tmut/Erth      7%         N/A       63%         4
 Lee's Rapid Deconstruct  Erth           3%         3d5*      93%         5
 Metabolic Englaciation   Hex/Ice        3%         N/A       93%         5
 Disjunction              Tloc           21%        N/A       100%        8
 Maxwell's Capacitive Co  Air            23%        ∞         100%        8
 Summon Small Mammal      Summ           Unusable   N/A       N/A         1
 Summon Lightning Spire   Summ/Air       Unusable   N/A       N/A         4
 Call Canine Familiar     Summ           Unusable   N/A       N/A         3
 Summon Guardian Golem    Hex/Summ       Unusable   N/A       N/A         3
 Tukima's Dance           Hex            Unusable   N/A       N/A         3
 Animate Armour           Summ/Erth      Unusable   N/A       N/A         4
 Dragon's Call            Summ           Unusable   N/A       N/A         9

Dungeon Overview and Level Annotations

Branches:
Dungeon (15/15)            Temple (0/1) D:6            Lair (5/5) D:9
  Swamp (4/4) Lair:3        Snake (2/4) Lair:3        Slime (0/5) Lair:4
    Orc (2/2) D:11            Elf (0/3) Orc:2        Vaults (2/5) D:14
 Depths (0/4) D:15          IceCv (1/1)             Gauntlet (visited)
  Crypt: Vaults:2-3

Altars:
Ashenzari
Cheibriados
Dithmenos
Gozag
Kikubaaqudgha
Ru
Trog
Uskayaw
Xom

Shops:
D:6 :   D:9 :   D:10 [   D:12 [   Orc:1 *   Orc:2 :(([   Vaults:1 :[:?(

Annotations:
D:2 1 runed translucent door, Crazy Yiuf
Vaults:1 8 runed translucent doors, Vorhees's ghost, adept DsHu


Innate Abilities, Weirdness & Mutations

You have blades for hands.
You are incapable of wielding weapons or throwing items.
You can breathe blasts of scalding, opaque steam.
Your pale cyan-grey scales are hard. (AC +9)
You cannot fit into any form of body armour.
You are frail. (-10% HP)
You are cold-blooded and may be slowed by cold attacks.
You sometimes lose the ability to read scrolls when taking damage.
You are hated by all.
You are sensitive to extremes of temperature. (rF-, rC-)
You are immune to the effects of steam.
You are somewhat resistant to further mutation.


Message History

Unknown command.
Casting: Manifold Assault (mildly dangerous; 3% risk of failure)
Confirm with . or Enter, or press ? or * to list all spells.
Okay, then.
Unknown command.
The helpless anaconda simulacrum fails to defend itself.
You shred the anaconda simulacrum!!!!!
The anaconda simulacrum vaporises!
You stride towards the harpy simulacrum!
An alligator simulacrum comes into view.
You shred the harpy simulacrum!!!
The harpy simulacrum vaporises!
A caustic shrike simulacrum comes into view.
Unknown command.
You stride towards the caustic shrike simulacrum!
You slice the caustic shrike simulacrum!!
Your tail-slap misses the caustic shrike simulacrum.
The caustic shrike simulacrum is heavily damaged.
A dire elephant simulacrum comes into view.
The caustic shrike simulacrum claws you but does no damage.
An anaconda simulacrum comes into view.
A harpy simulacrum comes into view.
Unknown command.
You miss the caustic shrike simulacrum.
You tail-slap the caustic shrike simulacrum, but do no damage.
The caustic shrike simulacrum is heavily damaged.
The caustic shrike simulacrum claws you!
The caustic shrike simulacrum freezes you!!!
You feel a terrible chill!
Unknown command.
Unknown command.
You closely miss the caustic shrike simulacrum.
Your tail-slap misses the caustic shrike simulacrum.
You slash the caustic shrike simulacrum!
The caustic shrike simulacrum is severely damaged.
The caustic shrike simulacrum completely misses you.
The caustic shrike simulacrum claws you.
The caustic shrike simulacrum freezes you!!!!
You feel a terrible chill!
You feel yourself slow down.
Ouch! That really hurt!
You die...

####### #######
#.....## ##..[)?#
#......###.....$# .
#.......#.......#...
#.∩..∩......@ZZ.Z.Z.
#.......#.....Z.#...
#......###.....(#
#.....## ##..:([#
####### #######


You could see an anaconda simulacrum, an alligator simulacrum, a dire elephant
simulacrum, a harpy simulacrum and a caustic shrike simulacrum.

Vanquished Creatures
  Zenata (Vaults:1)
  A tentacled monstrosity (Swamp:4)
  Mlioglotl (Snake:1)
  A thorn hunter (Swamp:1)
  Aizul (Swamp:2)
  2 vault wardens (Vaults:2)
  An orc warlord (Orc:2)
  4 ironbound thunderhulks
  7 ironbound preservers (Vaults:2)
  A stone giant (D:15)
  A very ugly thing (Swamp:4)
  Nessos (Orc:2)
  2 bunyips (Swamp:4)
  3 eleionomae
  An entropy weaver (shapeshifter) (D:15)
  2 green deaths (Swamp:4)
  2 fire dragons
  2 yaktaur captains
  A great orb of eyes (Vaults:1)
  2 vault guards (Vaults:2)
  10 hydras
  2 ghost crabs
  An ogre mage (D:15)
  2 caustic shrike simulacra (IceCv)
  2 ironbound frosthearts
  6 alligators
  6 centaur warriors
  7 death yaks
  6 anacondas
  3 boulder beetles
  7 two-headed ogres
  3 tengu warriors
  Urug (Orc:2)
  4 naga sharpshooters (Snake:1)
  3 naga warriors (Snake:1)
  3 spriggan berserkers (Swamp:3)
  A shock serpent (Snake:2)
  2 spriggans
  A soul eater (Gauntlet)
  A fire crab (Lair:5)
  A hell knight (D:13)
  A salamander mystic (Snake:1)
  5 skeletal warriors
  An arcanist (Vaults:2)
  Lodul (D:10)
  A spriggan druid (Swamp:1)
  2 goliath frogs (Swamp:3)
  A deep elf archer (D:14)
  8 bog bodies
  7 swamp dragons
  A naga ritualist (Snake:1)
  Pikel (D:7)
  3 ironbound convokers (Vaults:1)
  A phantasmal warrior (Vaults:1)
  2 deep elf pyromancers
  5 lindwurms (Vaults:1)
  4 orc sorcerers
  4 orc knights
  2 spectral boulder beetles (D:12)
  3 manticores
  23 ugly things
  A salamander (shapeshifter) (D:14)
  2 mana vipers (Snake:1)
  6 cyclopes
  A will-o-the-wisp (Swamp:4)
  A salamander (Snake:1)
  9 elephants
  A spectral centaur (D:12)
  2 vault sentinels (Vaults:1)
  5 naga magi (Snake:1)
  2 torpor snails (Lair:5)
  2 centaur zombies (D:12)
  A centaur skeleton (D:12)
  16 black mambas
  2 molten gargoyles (Lair:5)
  A gargoyle (D:11)
  14 cane toads
  Maggie (D:7)
  2 orange demons (Swamp:4)
  Jeremiah (D:7)
  A cane toad (shapeshifter) (D:14)
  A kobold demonologist (D:10)
  A rime drake (Lair:4)
  An unseen horror (D:11)
  Psyche (D:11)
  2 efreet
  19 komodo dragons
  An ice devil (Gauntlet)
  3 anaconda simulacra (IceCv)
  7 yaktaurs
  A golden dragon simulacrum (IceCv)
  4 trolls
  3 tengu conjurers (D:14)
  2 hornets
  2 bloated husks
  3 large abominations (Swamp:4)
  10 tyrant leeches
  12 blink frogs
  5 dream sheep (Lair:4)
  A centaur simulacrum (D:14)
  A spectral black mamba (D:12)
  A water elemental (D:12)
  11 flying skulls (D:12)
  34 slime creatures
  8 shadows
  10 wyverns
  A dire elephant simulacrum (IceCv)
  32 yaks
  2 vampires
  2 fire elementals (Gauntlet)
  12 wraiths
  4 basilisks
  16 humans (D:14)
  7 steam dragons
  12 vampire mosquitoes
  Menkaure (D:5)
  15 nagas (Snake:1)
  6 wargs
  20 swamp worms
  2 harpy simulacra (IceCv)
  5 acid dragons
  27 water moccasins
  12 hell hounds
  A hydra simulacrum (IceCv)
  4 swamp drakes (Swamp:2)
  34 orc warriors
  An ice beast (D:5)
  2 sky beasts
  18 ogres
  2 black bears
  A black mamba simulacrum (D:12)
  2 boulder beetle simulacra (D:12)
  An ettin simulacrum (IceCv)
  7 wolves
  16 centaurs
  A kobold brigand (D:10)
  3 phantoms
  16 bullfrogs
  Blork the orc (D:5)
  7 scorpions
  6 wights
  3 troll zombies (D:11)
  4 killer bees (D:10)
  5 electric eels (D:12)
  5 howler monkeys
  3 lava snakes (Lair:5)
  4 hounds
  25 orc priests
  14 jellies
  A sleepcap (D:8)
  Jessica (D:3)
  A gnoll bouda (D:9)
  4 iguanas
  23 orc wizards
  Natasha (twice) (D:3)
  5 hell rats (D:12)
  4 ogre zombies (D:11)
  Robin (D:2)
  5 gnolls
  9 adders
  5 shadow imps
  2 white imps (Gauntlet)
  4 ufetubi
  A worm (D:4)
  8 dart slugs
  105 orcs
  8 bats
  18 endoplasms
  5 giant cockroaches
  15 goblins
  14 hobgoblins
  8 jackals
  4 quokkas
  6 ball pythons
  5 frilled lizards
  2 gnoll skeletons (D:11)
  3 gnoll zombies (D:11)
  13 kobolds
  2 orc skeletons (D:11)
  17 orc zombies (D:11)
  3 rats
1066 creatures vanquished.

Vanquished Creatures (collateral kills)
  A wight (D:8)
  Natasha (D:3)
2 creatures vanquished.

Vanquished Creatures (others)
  An alligator (Swamp:2)
  A skeletal warrior (D:13)
  An arcanist (Vaults:1)
  A bloated husk (Swamp:4)
  A tyrant leech (Swamp:2)
  A yak (D:10)
  2 swamp worms
  An orc warrior (Orc:2)
  A centaur (D:9)
  A bullfrog (Lair:1)
  A wight (D:8)
  An ogre zombie (D:11)
  2 orcs
  2 foxfires (Swamp:4)
17 creatures vanquished.

Grand Total: 1085 creatures vanquished

Notes
Turn   | Place    | Note
-------+----------+-------------------------------------------
     0 | D:1      | Turgor the Draconian Shapeshifter began the quest for the
                  | Orb.
     0 | D:1      | Reached XP level 1. HP: 16/16 MP: 1/1
    60 | D:1      | Reached XP level 2. HP: 18/23 MP: 2/2
   425 | D:1      | Reached XP level 3. HP: 28/29 MP: 3/3
   809 | D:2      | Found a sacrificial altar of Ru.
   821 | D:2      | Became a worshipper of Ru the Awakened
   896 | D:2      | Noticed Robin
  1113 | D:2      | Reached XP level 4. HP: 32/36 MP: 4/4
  1141 | D:2      | Killed Robin
  1227 | D:2      | Found a runed translucent door.
  1228 | D:2      | Noticed Crazy Yiuf
  1665 | D:3      | Learned a level 1 spell: Apportation
  1671 | D:3      | Noticed Natasha
  1679 | D:3      | Killed Natasha
  1680 | D:3      | Reached skill level 4 in Shapeshifting
  1732 | D:3      | Noticed Natasha
  1749 | D:3      | Killed Natasha
  1750 | D:3      | Reached XP level 5. HP: 42/42 MP: 5/5
  1771 | D:3      | Found a broken altar of Ashenzari.
  1771 | D:3      | Noticed Natasha
  1782 | D:3      | Killed Natasha
  1812 | D:3      | Found a snail-covered altar of Cheibriados.
  1815 | D:3      | Found a hide-covered altar of Uskayaw.
  1818 | D:3      | Found a bloodstained altar of Trog.
  1848 | D:3      | Noticed Jessica
  1862 | D:3      | Killed Jessica
  1964 | D:3      | Gained mutation: You are frail. (-10% HP) [Ru sacrifice]
  1964 | D:3      | Reached * piety under Ru
  2458 | D:4      | Noticed a centaur
  2483 | D:4      | Found an opulent altar of Gozag.
  2489 | D:4      | Upgraded the game from 0.31-a0-925-g0a390f2509 to
                  | 0.31-a0-931-g7b59d4eb97
  2612 | D:4      | Identified the +0 morningstar of the Crypt {venom, rC+}
  2766 | D:4      | Identified the +0 plate armour of the Lion {rF+ rN+ Str-5}
  2850 | D:4      | Reached XP level 6. HP: 45/45 MP: 6/6
  3304 | D:4      | Reached skill level 5 in Shapeshifting
  3593 | D:4      | Your scales start taking on a pale cyan-grey colour.
  3593 | D:4      | Reached XP level 7. HP: 50/52 MP: 7/7
  3593 | D:4      | Gained mutation: You are immune to the effects of steam.
                  | [Pale Draconian growth]
  3605 | D:4      | Found a shimmering altar of Xom.
  3689 | D:5      | Entered Level 5 of the Dungeon
  3864 | D:5      | Noticed Menkaure
  3869 | D:5      | Killed Menkaure
  4029 | D:5      | Noticed Blork the orc
  4204 | D:5      | Reached skill level 5 in Unarmed Combat
  4204 | D:5      | Reached skill level 6 in Shapeshifting
  4279 | D:5      | Reached XP level 8. HP: 52/60 MP: 8/8
  4872 | D:5      | Found the +1 Delatra's gloves {ID++}
  4909 | D:5      | Gained mutation: You are sensitive to extremes of
                  | temperature. (rF-, rC-) [Ru sacrifice]
  4909 | D:5      | Reached ** piety under Ru
  4909 | D:5      | Reached *** piety under Ru
  5146 | D:5      | Reached skill level 5 in Fighting
  5154 | D:5      | Killed Blork the orc
  5349 | D:6      | Reached skill level 7 in Shapeshifting
  5415 | D:6      | Found a staircase to the Ecumenical Temple.
  5596 | D:6      | Reached skill level 5 in Dodging
  6012 | D:6      | Reached XP level 9. HP: 67/67 MP: 9/9
  6170 | D:6      | Found Diamus's Book Shop.
  6606 | D:7      | Noticed Jeremiah
  6676 | D:7      | Reached skill level 8 in Shapeshifting
  6693 | D:7      | Killed Jeremiah
  6939 | D:7      | Noticed Maggie
  6951 | D:7      | Killed Maggie
  7329 | D:7      | Noticed Pikel
  7339 | D:7      | Killed Pikel
  7358 | D:7      | Reached skill level 9 in Shapeshifting
  7358 | D:7      | Reached XP level 10. HP: 52/77 MP: 10/10
  8107 | D:8      | Gained mutation: You are hated by all. [Ru sacrifice]
  8107 | D:8      | Reached **** piety under Ru
  8107 | D:8      | Reached ***** piety under Ru
  8520 | D:9      | Found Ycvif's Self-Published Books.
  8694 | D:9      | Found a staircase to the Lair.
  8864 | D:9      | Reached skill level 10 in Shapeshifting
  9314 | D:9      | You fall into a shaft and drop 1 floor!
  9314 | D:10     | Entered Level 10 of the Dungeon
  9827 | D:10     | Noticed a two-headed ogre
  9836 | D:10     | Killed a two-headed ogre
  9837 | D:10     | Reached XP level 11. HP: 50/85 MP: 11/11
 10228 | D:9      | Noticed Maurice
 10232 | D:9      | Noticed a tengu warrior
 10232 | D:9      | Noticed a tengu warrior
 10233 | D:9      | Maurice changed into Maurice the water moccasin
 10233 | D:9      | Noticed Maurice
 10757 | D:9      | Killed a tengu warrior
 10816 | D:9      | Killed a tengu warrior
 11368 | D:9      | Killed Maurice the water moccasin
 11428 | D:10     | Identified the +5 scale mail "Boq Vizela" {rF+ Slay+5 SInv}
 11504 | D:10     | Found Okhontoa's Antique Armour Shop.
 11510 | D:10     | Noticed Lodul
 11540 | D:10     | Killed Lodul
 11541 | D:10     | Reached skill level 11 in Shapeshifting
 12221 | D:10     | Identified a scroll of acquirement
 12222 | D:10     | Acquired 1130 gold pieces
 12291 | D:10     | Bought the +2 hood of the Assassin {Detect Stab+ Stlth++}
                  | for 1560 gold pieces
 12291 | D:10     | Found the +2 hood of the Assassin {Detect Stab+ Stlth++}
 12967 | D:11     | Reached skill level 1 in Stealth
 13459 | D:11     | Found a staircase to the Orcish Mines.
 13817 | D:11     | Noticed Psyche
 13822 | D:11     | Killed Psyche
 14177 | D:12     | Noticed a two-headed ogre
 14177 | D:12     | Noticed a boulder beetle
 14357 | Lair:1   | Entered Level 1 of the Lair of Beasts
 14403 | Lair:1   | Found a gate leading to a gauntlet.
 14422 | Lair:1   | Reached XP level 12. HP: 46/95 MP: 12/12
 14565 | Gauntlet | Entered a Gauntlet
 14565 | Gauntlet | Found a transporter.
 14565 | Gauntlet | Found a transporter.
 14565 | Gauntlet | Found a transporter.
 14567 | Gauntlet | Found a transporter.
 14569 | Gauntlet | Found a transporter.
 14582 | Gauntlet | Found a transporter.
 14586 | Gauntlet | Found a transporter.
 14596 | Gauntlet | Found a transporter.
 14686 | Gauntlet | Found a transporter.
 14696 | Gauntlet | Found a transporter.
 14700 | Gauntlet | Found a transporter.
 14710 | Gauntlet | Found a transporter.
 14775 | Gauntlet | Gained mutation: You sometimes lose your temper in combat.
                  | [potion of mutation]
 14775 | Gauntlet | Gained mutation: Your spells are a little harder to cast,
                  | but a little more powerful. [potion of mutation]
 14776 | Gauntlet | Lost mutation: Your spells are a little harder to cast, but
                  | a little more powerful. [potion of mutation]
 14776 | Gauntlet | Lost mutation: You sometimes lose your temper in combat.
                  | [potion of mutation]
 14776 | Gauntlet | Gained mutation: You occasionally shout uncontrollably at
                  | your foes. [potion of mutation]
 14777 | Gauntlet | Lost mutation: You occasionally shout uncontrollably at
                  | your foes. [potion of mutation]
 14777 | Gauntlet | Gained mutation: You are somewhat resistant to further
                  | mutation. [potion of mutation]
 14968 | Gauntlet | Reached skill level 12 in Shapeshifting
 15084 | Gauntlet | Noticed a minotaur
 15189 | Gauntlet | Identified the +1 hand axe of Kismet {freeze, *Corrode
                  | rElec rN+}
 15417 | Lair:1   | Gained mutation: You occasionally lose the ability to read
                  | scrolls when taking damage. [Ru sacrifice]
 15417 | Lair:1   | Gained mutation: You sometimes lose the ability to read
                  | scrolls when taking damage. [Ru sacrifice]
 15417 | Lair:1   | Reached ****** piety under Ru
 16161 | Lair:2   | Reached skill level 10 in Fighting
 16823 | Lair:2   | Noticed a seven-headed hydra
 16831 | Lair:2   | Killed a seven-headed hydra
 17477 | Lair:3   | Reached skill level 10 in Unarmed Combat
 17556 | Lair:3   | Noticed a four-headed hydra
 17556 | Lair:3   | Noticed a five-headed hydra
 17754 | Lair:3   | Found a staircase to the Snake Pit.
 18045 | Lair:3   | Reached skill level 13 in Shapeshifting
 18231 | Lair:3   | Reached XP level 13. HP: 85/102 MP: 11/13
 18603 | Lair:3   | Reached skill level 5 in Stealth
 18899 | Lair:3   | Found a staircase to the Swamp.
 18958 | Lair:3   | Learned a level 4 spell: Vhi's Electric Charge
 19145 | Lair:4   | You fall into a shaft and drop 1 floor!
 19145 | Lair:5   | Entered Level 5 of the Lair of Beasts
 19336 | Lair:4   | Reached skill level 1 in Air Magic
 19384 | Lair:4   | Reached skill level 1 in Translocations
 19500 | Lair:4   | Reached skill level 1 in Spellcasting
 19584 | Lair:4   | Identified the +7 morningstar of Buedash {venom, Will+}
 19731 | Lair:4   | Found a staircase to the Slime Pits.
 21295 | Lair:5   | Reached skill level 10 in Dodging
 21429 | Lair:5   | Reached XP level 14. HP: 109/112 MP: 16/18
 22519 | D:12     | Found Myeduvo's Armour Shop.
 22706 | D:12     | Bought the +3 pair of seven-league boots {Rampage+∞} for
                  | 640 gold pieces
 22706 | D:12     | Found the +3 pair of seven-league boots {Rampage+∞}
 23123 | D:12     | Reached skill level 5 in Air Magic
 23149 | D:12     | Found an ancient bone altar of Kikubaaqudgha.
 23189 | D:12     | Identified the +0 pair of boots of the Eternal Void {rPois
                  | rN+ rCorr Int+2}
 23291 | D:13     | Reached skill level 5 in Translocations
 23860 | D:13     | Reached skill level 14 in Shapeshifting
 24056 | D:13     | Reached skill level 5 in Spellcasting
 24180 | Orc:1    | Entered Level 1 of the Orcish Mines
 24203 | Orc:1    | Paralysed by an orc sorcerer for 4 turns
 24288 | Orc:1    | Found Zuciarpho's Assorted Antiques.
 24301 | Orc:1    | Bought a silver ring for 165 gold pieces
 24626 | Orc:2    | Entered Level 2 of the Orcish Mines
 24710 | Orc:2    | Found a staircase to the Elven Halls.
 24714 | Orc:2    | Noticed Urug
 24746 | Orc:2    | Killed Urug
 24995 | Orc:2    | Found Ciesos's Antique Weapon Emporium.
 25324 | Orc:2    | Found Pithesegh's Book Boutique.
 25442 | Orc:2    | Noticed Nessos
 25461 | Orc:2    | Killed Nessos
 25462 | Orc:2    | Reached XP level 15. HP: 116/120 MP: 20/22
 25637 | Orc:2    | Found Dykkio's Antique Armour Emporium.
 25642 | Orc:2    | Found Litiud's Antique Weapon Shoppe.
 25714 | Orc:2    | Bought a book of Air for 352 gold pieces
 25719 | Orc:2    | Learned a level 4 spell: Airstrike
 25723 | Orc:2    | Learned a level 3 spell: Swiftness
 26100 | D:14     | Found a gate to the Vaults.
 26159 | D:14     | Found a shadowy altar of Dithmenos.
 26733 | D:15     | Entered Level 15 of the Dungeon
 27318 | D:14     | HP: 1/111 [two-headed ogre/+0 giant spiked club (13)]
 27734 | Swamp:1  | Entered Level 1 of the Swamp
 27750 | Swamp:1  | Learned a level 5 spell: Fireball
 27992 | Swamp:1  | Noticed a thorn hunter
 28007 | Swamp:1  | Killed a thorn hunter
 28170 | Swamp:1  | Reached skill level 1 in Fire Magic
 28633 | Swamp:2  | Noticed Aizul
 28643 | Swamp:2  | Killed Aizul
 29924 | Swamp:3  | Upgraded the game from 0.31-a0-931-g7b59d4eb97 to
                  | 0.31-a0-940-gdaa99269f9
 29949 | Swamp:3  | HP: 6/122 [spriggan berserker/+0 rapier (26)]
 30679 | Swamp:3  | Reached XP level 16. HP: 103/129 MP: 25/25
 30931 | Swamp:3  | Acquired 756 gold pieces
 30962 | Swamp:4  | Entered Level 4 of the Swamp
 33746 | Swamp:4  | Noticed a tentacled monstrosity
 33758 | Swamp:4  | Killed a tentacled monstrosity
 33759 | Swamp:4  | Reached skill level 15 in Shapeshifting
 34318 | Swamp:4  | Got a decaying rune of Zot
 34856 | Vaults:1 | Identified the of Ulall
 34856 | Vaults:1 | Entered Level 1 of the Vaults
 35018 | Vaults:1 | Reached skill level 5 in Fire Magic
 35022 | Vaults:1 | Found a transporter.
 35022 | Vaults:1 | Found Poeso Taff's Weapon Emporium.
 35025 | Vaults:1 | Found a transporter.
 35389 | Vaults:1 | Found Zire's Magic Scroll Shoppe.
 35392 | Vaults:1 | Bought a scroll of blinking for 105 gold pieces
 35392 | Vaults:1 | Bought a scroll of teleportation for 42 gold pieces
 35731 | Vaults:1 | Found Necues Xeupt's Book Shoppe.
 35920 | Vaults:1 | Noticed Zenata
 36182 | Vaults:1 | Learned a level 4 spell: Manifold Assault
 36248 | Vaults:1 | Found a large runed translucent door.
 36248 | Vaults:1 | Found a large runed translucent door.
 36248 | Vaults:1 | Found a large runed translucent door.
 36248 | Vaults:1 | Found a large runed translucent door.
 36248 | Vaults:1 | Found a large runed translucent door.
 36248 | Vaults:1 | Found a large runed translucent door.
 36248 | Vaults:1 | Found a large runed translucent door.
 36248 | Vaults:1 | Found a large runed translucent door.
 36248 | Vaults:1 | Noticed Vorhees's ghost (adept DsHu)
 36371 | Vaults:1 | Noticed a walking frostbound tome
 36380 | Vaults:1 | Found Ilusam's Book Emporium.
 36427 | Vaults:1 | Found Nouk's Antique Armour Shop.
 37173 | Vaults:1 | Killed Zenata
 37174 | Vaults:1 | Reached XP level 17. HP: 53/138 MP: 23/27
 37390 | Vaults:1 | Noticed a walking divine tome
 37798 | D:15     | Found a staircase to the Depths.
 39159 | Lair:5   | Found a large runed translucent door.
 39159 | Lair:5   | Found a large runed translucent door.
 39361 | Snake:1  | Entered Level 1 of the Snake Pit
 39649 | Snake:1  | Reached skill level 15 in Fighting
 40434 | Snake:1  | Found the +16 obsidian axe {drain, demonic, Mesm Drain Fly
                  | SInv}
 40644 | Snake:1  | Noticed Mlioglotl
 40651 | Snake:1  | Killed Mlioglotl
 41408 | Vaults:1 | Bought a glowing cloak for 292 gold pieces
 41618 | Snake:2  | Found an opulent altar of Gozag.
 41670 | Snake:2  | Found a frozen archway.
 41676 | IceCv    | Entered an ice cave
 41679 | IceCv    | Reached skill level 16 in Shapeshifting
 41686 | IceCv    | Demolished by a caustic shrike simulacrum

Illustrated notes

Levels and vault maps discovered:
D:1:      lordsloth_arrival_two_stooges, layout_loops_cross, minmay_bisected
D:2:      layout_rooms, basic_altar, uniq_crazy_yiuf_cottage, uniq_robin
D:3:      layout_loops_ring, grunt_temple_overflow_cloverleaf,
          minmay_misc_feat_ornament, uniq_jessica, uniq_natasha
D:4:      minmay_bubble_buster, layout_loops_ring, tgw_xom,
          nicolae_gozag_seed_capital
D:5:      layout_basic, pf_guarded_unrand_delatra, uniq_blork_the_orc,
          uniq_menkaure
D:6:      lemuel_ice_spiral_2, layout_basic, minmay_temple_entry_slanted,
          serial_curves, eino_curves_03, eino_curves_04, serial_shops, shop
D:7:      layout_basic, uniq_maggie, uniq_pikel, uniq_jeremiah
D:8:      layout_basic, minmay_checkerbox
D:9:      layout_layer_cave, due_lair_maze_entry_diamond, nicolae_custom_books,
          uniq_maurice
D:10:     kennysheep_spiral_hall, layout_stronghold, serial_shops,
          nicolae_diamond_shop, uniq_lodul
D:11:     layout_roguey [special_room_orc], zombieorc2_lemuel, uniq_psyche
D:12:     lemuel_vampire_tower, layout_basic, serial_shops, shop,
          minmay_fractal_squares_diagonal_5
D:13:     layout_roguey [special_room_orc], minmay_rotating_lava
D:14:     layout_roguey, david_vaults_3, nicolae_dithmenos_the_darkroom
D:15:     grunt_enter_depths_giant_problem, layout_long_grid, chequers_avenue
Lair:1:   layout_gridlike, gauntlet_entry_generic
Lair:2:   layout_loops_ring
Lair:3:   layout_chaotic_city, palyth_hydra_swamp_entry,
          minmay_snake_entry_six_corridors, beast_lair_carwin_4,
          lemuel_fruit_fields
Lair:4:   layout_misc_corridors, minmay_slime_entry_jelly_boxes,
          chequers_serial_rivers_micro_b
Lair:5:   cheibrodos_lair_end_hotspot, layout_cave_pods
Swamp:1:  layout_basic_swamp, nicolae_swamp_little_tower,
          infiniplex_staircase_pool
Swamp:2:  layout_falls_marsh, serial_swamp_ruin, evilmike_swamp_ruin_house_2,
          evilmike_swamp_ruin_house_6, evilmike_swamp_ruin_rubble_1,
          swamp_pool5, uniq_aizul
Swamp:3:  layout_basic_swamp, evilmike_swamp_ruin_wall
Swamp:4:  swamp_vile, layout_basic_swamp, swamp_pool1
Snake:1:  layout_chambers, serial_bayou_shore_b, uniq_mlioglotl
Snake:2:  hangedman_cross_veins, layout_grid_shapes, basic_altar,
          portal_ice_cave_entry_pillars_three
Orc:1:    layout_caves, serial_shops, nicolae_shop_tiny_waterfront, basic_altar,
          nicolae_orc_rich_vein
Orc:2:    grunt_orc_community_town_hall, layout_caves,
          grunt_orc_community_big_house_1, grunt_orc_community_big_house_2,
          grunt_orc_community_house_2, grunt_orc_community_house_2,
          grunt_orc_community_house_3, grunt_orc_community_house_1,
          grunt_orc_community_house_1, grunt_orc_community_house_1, uniq_urug,
          uniq_nessos
Vaults:1: advil_vaults_ghost_lines, nicolae_vaults_tetromino_Z_2,
          nicolae_vaults_closet_pinwheel_2, v_pattern_4, vaults_room_pool,
          nicolae_vaults_tetromino_L_1, nicolae_vaults_angled_halls, v_misc_29,
          layout_vaults_quadrants, serial_shops, nicolae_shop_mannequins,
          nicolae_shop_hallway_stairs, nicolae_shop_rolled_up,
          nicolae_shop_drivethru, nicolae_square_shop, uniq_zenata
Vaults:2: nicolae_vaults_specimen_jars, nicolae_vaults_tetromino_T_1,
          ontoclasm_vaults_ligature, dpeg_vaults_monster_box,
          nicolae_vaults_theta, nicolae_vaults_border_crossing,
          nicolae_vaults_double_plus_1, nicolae_vaults_storage_room_statues,
          nicolae_vaults_octagons, hangedman_vaults_corner_blocks,
          nicolae_vaults_rhombus_7, nicolae_vaults_two_Ls, vaults_room_pools,
          nicolae_vaults_taking_the_gang_shopping,
          nicolae_vaults_sealed_display, minmay_crypt_entry_simple_box,
          vaults_mumra_hexcomb, nicolae_vaults_more_shelving_1,
          layout_vaults_maze, serial_shops, nicolae_shop_hallway_stairs
IceCv:    ice_cave_statue_garden_chambered

Skill      XL: |  1  2  3  4  5  6  7  8  9 10 11 12 13 14 15 16 17 |
---------------+----------------------------------------------------+-----
Dodging        | 2 3 4 5 6 7 8 9 10 11 12 | 12.0
Fighting       | 2 3 4 5 7 8 9 10 11 12 13 14 15 | 15.4
Shapeshifting  | 4 5 6 7 9 10 11 13 14 15 16 | 16.0
Unarmed Combat | 4 5 6 7 8 9 10 11 12 13 14 | 14.0
Stealth        | 2 4 6 |  6.0
Air Magic      | 3 6 8 9 |  9.0
Translocations | 3 6 7 8 |  8.0
Spellcasting   | 3 5 6 |  6.7
Fire Magic     | 2 6 8 |  8.4

Action                     |  1- 3 |  4- 6 |  7- 9 | 10-12 | 13-15 | 16-18 || total
---------------------------+-------+-------+-------+-------+-------+-------++-------
  Melee: Unarmed           |   120 |   191 |   264 |  1001 |  1311 |   747 ||  3634
         Tailslap          |    12 |    30 |    48 |   195 |   232 |   134 ||   651
         Punch             |     2 |     3 |     4 |       |    90 |    76 ||   175
  Throw: Dart              |       |     6 |     5 |       |       |       ||    11
   Cast: Airstrike         |       |       |       |       |     1 |     3 ||     4
         Swiftness         |       |       |       |       |       |     1 ||     1
         Manifold Assault  |       |       |       |       |       |     9 ||     9
 Invoke: Sacrifice Health  |       |     1 |       |       |       |       ||     1
         Sacrifice Resista |       |       |     1 |       |       |       ||     1
         Sacrifice Love    |       |       |       |     1 |       |       ||     1
         Apocalypse        |       |       |       |     1 |     3 |     2 ||     6
         Sacrifice Words   |       |       |       |     1 |       |       ||     1
         Power Leap        |       |       |       |       |     2 |     1 ||     3
Ability: Breathe Steam     |       |       |       |       |       |     3 ||     3
  Evoke: Wand              |       |     1 |    17 |    18 |    11 |    10 ||    57
         Lightning rod     |       |       |       |       |     2 |     6 ||     8
    Use: Scroll            |     1 |     4 |     6 |     8 |    18 |     8 ||    45
         Potion            |       |     1 |     9 |     9 |     8 |     7 ||    34
   Stab: Distracted        |     1 |       |       |     9 |     9 |     9 ||    28
         Sleeping          |       |     2 |     1 |       |    12 |     4 ||    19
         Invisible         |       |       |       |     5 |     3 |     9 ||    17
         Paralysed         |       |       |       |     6 |     7 |     7 ||    20
 Armour: Skin              |    52 |    98 |   123 |   552 |   628 |   302 ||  1755
  Dodge: Dodged            |    48 |   100 |   136 |   581 |   595 |   264 ||  1724
   Form: Flux              |       |       |     1 |       |       |       ||     1
         Blade             |       |       |       |       |     1 |     1 ||     2
         Anaconda          |       |       |       |       |       |     1 ||     1

Table legend: (Time is in decaauts)
 A = Elapsed time spent in this place.
 B = Non-inter-level travel time spent in this place.
 C = Inter-level travel time spent in this place.
 D = Time resting spent in this place.
 E = Time spent auto-exploring this place.
 F = Levels seen in this place.
 G = Mean time per level.
                   A        B        C        D        E       F      G
               +--------+--------+--------+--------+--------+-----+--------+
         Total |  41449 |  38861 |   2588 |   6807 |  19621 |  32 | 1295.3 |
       Dungeon |  20093 |  18729 |   1364 |   2169 |  10865 |  15 | 1339.5 |
          Lair |   7436 |   6846 |    590 |    529 |   4431 |   5 | 1487.2 |
         Swamp |   7060 |   6851 |    209 |   2957 |   1911 |   4 | 1765.0 |
     Snake Pit |   1916 |   1879 |     37 |    380 |    950 |   2 |  958.0 |
  Orcish Mines |   1523 |   1386 |    137 |     18 |    754 |   2 |  761.5 |
        Vaults |   2796 |   2547 |    249 |    631 |    709 |   2 | 1398.0 |
      Ice Cave |      8 |      8 |      0 |      0 |      0 |   1 |    8.0 |
      Gauntlet |    614 |    614 |      0 |    122 |      0 |   1 |  614.0 |
               +--------+--------+--------+--------+--------+-----+--------+

Top non-repeatable levels by time:
 Swamp:4: 3013 daAuts
Vaults:1: 2493 daAuts
     D:9: 2248 daAuts
 Swamp:3: 2020 daAuts
    D:10: 1898 daAuts
 Snake:1: 1851 daAuts
  Lair:3: 1850 daAuts
    D:14: 1841 daAuts
  Lair:5: 1768 daAuts
    D:12: 1682 daAuts
    D:11: 1600 daAuts
     D:5: 1541 daAuts
  Lair:4: 1402 daAuts
     D:4: 1347 daAuts
  Lair:2: 1256 daAuts
